 Dungeon Crawl Stone Soup version 0.30.1 (webtiles) character file.

Game seed: 880431275037483736

483 javelincjr the Conjurer (level 6, -10/50 HPs)
             Began as a Demonspawn Reaver on July 3, 2023.
             Mangled by an ogre
             ... wielding a +0 giant club
              (21 damage)
             ... on level 4 of the Dungeon.
             The game lasted 00:13:39 (3123 turns).

javelincjr the Conjurer (Demonspawn Reaver)         Turns: 3123, Time: 00:13:39

Health: -10/50     AC:  6    Str: 12    XL:     6   Next: 88%
Magic:  11/11      EV: 12    Int: 15    God:
Gold:   164        SH:  0    Dex: 13    Spells: 10/11 levels left

rFire   . . .        a - +0 spear
rCold   + . .        q - orb {*Rage}
rNeg    . . .        b - +0 leather armour
rPois   .            (helmet restricted)
rElec   .            (no cloak)
rCorr   .            (no gloves)
SInv    .            v - +0 pair of boots
Will    .....        (no amulet)
Stlth   +            h - ring of protection from cold
HPRegen 0.28/turn    (no ring)
MPRegen 0.12/turn

%: random rage (20%)
@: weak-willed, on berserk cooldown, slowed, very slow
A: horns 2, rugged brown scales 2, powered by pain 1
a: no special abilities


You were on level 4 of the Dungeon.
You visited 1 branch of the dungeon, and saw 4 of its levels.

You collected 164 gold pieces.

Inventory:

Hand Weapons
 a - a +0 spear (weapon)
 c - a +1 vampiric dagger
 m - a +3 dagger
Armour
 b - a +0 leather armour (worn)
 q - an orb of wrath (worn)
 v - a +0 pair of boots (worn)
Jewellery
 h - a ring of protection from cold (left hand)
 p - a ring of magical power
 s - a +6 ring of intelligence
Scrolls
 d - a scroll of poison
 f - 2 scrolls of vulnerability
 j - 2 scrolls of teleportation {unknown}
 k - 2 scrolls of magic mapping {unknown}
 n - a scroll of identify {unknown}
 u - 2 scrolls of enchant weapon {unknown}
Potions
 e - a potion of haste {unknown}
 i - 3 potions of curing
 l - 2 potions of might {unknown}
 o - a potion of flight {unknown}
 r - 2 potions of degeneration {unknown}
 t - a potion of cancellation {unknown}


   Skills:
 + Level 3.7 Fighting
 + Level 3.9 Polearms
 + Level 3.4 Dodging
 + Level 3.4 Spellcasting
 + Level 4.3 Conjurations


You had 10 spell levels left.
You knew the following spells:

 Your Spells              Type           Power      Damage    Failure   Level
a - Kiss of Death         Conj/Necr      36%        2d8       10%         1

Your spell library contained the following spells:

 Spells                   Type           Power      Damage    Failure   Level
 Momentum Strike          Conj/Tloc      18%        3d8       16%         2
 Apportation              Tloc           4%         N/A       24%         1
 Necrotise                Necr           8%         1d4       24%         1
 Summon Small Mammal      Summ           8%         N/A       24%         1
 Hailstorm                Conj/Ice       9%         3d4       30%         3


Dungeon Overview and Level Annotations

Branches:
Dungeon (4/15)
 Temple: D:4-7

Altars:


Innate Abilities, Weirdness & Mutations

You have a pair of horns on your head.
You are mostly covered in rugged brown scales. (AC +2, +5% HP)
You sometimes gain a little power by taking damage.


Message History

There are monsters nearby!
You closely miss the ball python. The ball python barely misses you.
The ball python constricts you.
You barely miss the ball python. You headbutt the ball python.
You kill the ball python!
You see here a +0 club.
An ogre comes into view. It is wielding a +0 giant club.
You feel a strong urge to attack something.
The ogre moves out of view.
You hit the endoplasm. You headbutt the endoplasm.
You kill the endoplasm!
You start resting.
You feel a strong urge to attack something.
An ogre is nearby!
You are no longer berserk.
You are exhausted.
You feel yourself slow down.
Things that are here:
a +0 hand axe; a ball python corpse You see here a +0 club.
As you read the scroll labelled KYREIL GATYROW, it crumbles to dust.
Magic quickly surges around you.
It was a scroll of vulnerability.
Blink to where?
Press: ? - help, Dir - move target
As you read the scroll labelled EFIGHU EFIRA, it crumbles to dust.
It was a scroll of blinking.
Reach: a) +0 spear
Press: ? - help, Dir - move target, f - ogre
Aim: an ogre, wielding a +0 giant club (weak-willed, about 24% to evade your +0 spear)
You reach to attack!
You hit the ogre but do no damage. You hit the ogre but do no damage.
You headbutt the ogre.
The ogre is moderately wounded.
The ogre barely misses you.
You hit the ogre.
The ogre is moderately wounded.
The ogre misses you.
You hit the ogre.
The ogre is moderately wounded.
The ogre hits you with a +0 giant club!!
You die...

##......#).####..# ...###.
#####.....###...## .##..#..
####...##....####.#......
####))).##...#.#.....##..
###..........#..........#.. ##
#.....)......#.............
..######..##.##.....##.....#[....
......##†...###....##......##....
(...........##..@O..........#....
##.<............#................
###............#..#.............
###........####.##.........).)
###...#...##......###....).)
#..##...##.......##.......
#...##...##...##.###.....##
##..######...###.# ##.....# ## #
##.. ### #......#


You could see an ogre (weak-willed).

Vanquished Creatures
  An ogre (D:2)
  A howler monkey (D:4)
  3 orc priests (D:3)
  An iguana (D:3)
  2 orc wizards
  4 gnolls (D:4)
  5 adders
  A dart slug (D:1)
  11 orcs
  8 endoplasms
  4 giant cockroaches
  16 goblins
  7 hobgoblins
  7 jackals
  13 kobolds
  4 quokkas
  6 ball pythons
  5 bats
  8 rats
107 creatures vanquished.

Notes
Turn   | Place    | Note
-------+----------+-------------------------------------------
     0 | D:1      | javelincjr the Demonspawn Reaver began the quest for the
                  | Orb.
     0 | D:1      | Reached XP level 1. HP: 16/16 MP: 3/3
    53 | D:1      | Gained mutation: You sometimes gain a little power by
                  | taking damage. [demonic ancestry]
    53 | D:1      | Reached XP level 2. HP: 8/22 MP: 5/5
   755 | D:1      | Gained mutation: You have a pair of small horns on your
                  | head. [demonic ancestry]
   755 | D:1      | Reached XP level 3. HP: 28/28 MP: 6/6
  1561 | D:2      | Gained mutation: You are partially covered in rugged brown
                  | scales. (AC +1, +3% HP) [demonic ancestry]
  1561 | D:2      | Reached XP level 4. HP: 23/35 MP: 7/7
  2352 | D:3      | Gained mutation: You have a pair of horns on your head.
                  | [demonic ancestry]
  2352 | D:3      | Reached XP level 5. HP: 41/41 MP: 9/9
  2478 | D:3      | Reached skill level 4 in Conjurations
  2676 | D:3      | Noticed an ogre
  2713 | D:2      | Killed an ogre
  2714 | D:2      | Gained mutation: You are mostly covered in rugged brown
                  | scales. (AC +2, +5% HP) [demonic ancestry]
  2714 | D:2      | Reached XP level 6. HP: 28/49 MP: 10/10
  3123 | D:4      | Mangled by an ogre

Illustrated notes

Levels and vault maps discovered:
D:1:      dpeg_arrival_tiny_a, layout_basic
D:2:      layout_basic
D:3:      layout_rooms, minmay_ogre_servants
D:4:      layout_cave_pools, lemuel_round_altar, okawaru_metal_pillars_3

Skill      XL: |  1  2  3  4  5 |
---------------+----------------+-----
Dodging        | 2 3 |  3.4
Polearms       | 3 |  3.9
Fighting       | 3 |  3.7
Spellcasting   | 3 |  3.4
Conjurations   | 4 |  4.3

Action                     |  1- 3 |  4- 6 || total
---------------------------+-------+-------++-------
  Melee: Spear             |   179 |   168 ||   347
         Headbutt          |    13 |    28 ||    41
         Punch             |       |     1 ||     1
    Use: Potion            |     1 |     2 ||     3
         Scroll            |       |     3 ||     3
 Armour: Leather armour    |    33 |    53 ||    86
  Dodge: Dodged            |   103 |   115 ||   218
